cohdb
Replays
Latest Replays
All Replays
Popular Replays
Top Player Replays
Match Explorer
How It Works
Community
CoH3 Stats
Reddit
Sign in to upload your games and track your stats! →
Sign in with Steam
Match 43118703
Unlisted
Match 43118703
Overview
Messages
Build Orders
End
Construct Infanterie Kompanie
Kettenkrad Recon Vehicle
MG 42 Machine Gun Team
Grenadier Squad
Grenadier Squad
Construct Panzergrenadier Kompanie
Panzergrenadier Squad
Pak 40 Anti-tank Gun Team
Selects Breakthrough Battlegroup
Selects Assault Grenadiers
GrW 34 Mortar Team
Panzergrenadier Squad
Construct Panzer Kompanie
Selects Rapid Production
Selects Blitzkrieg
Sturmpanzer IV Brummbär
Stoßtruppen Squad
Pioneer Squad
Panzer IV Medium Tank
Blitzkrieg
Stoßtruppen Squad
Stoßtruppen Squad
Side Skirts
Blitzkrieg
251 Medium Carrier
Sidewinder
CptBigDaddySexi69
Darbesky
User1diego
0
0
Comments
sign in to comment!
No comments posted yet!